 Dungeon Crawl Stone Soup version 0.19-a0-1254-gb9c29c0 (webtiles) character file.

28465 Ijustatesigmund the Slicer (level 13, -1/90 HPs)
             Began as an Octopode Wizard on Aug 27, 2016.
             Was a High Priest of Okawaru.
             Slain by a naga warrior
             ... wielding a +0 glaive
              (6 damage)
             ... on level 1 of the Snake Pit.
             The game lasted 01:12:56 (24090 turns).

Ijustatesigmund the Slicer (Octopode Wizard)       Turns: 24090, Time: 01:12:59

Health: -1/90      AC:  1    Str:  6    XL:     13   Next: 39%
Magic:  22/22      EV: 16    Int: 24    God:    Okawaru [*****.]
Gold:   1247       SH:  3    Dex: 17    Spells: 8 memorised, 1 level left

rFire  + . .     SeeInvis +     t - +7 dagger (flame)
rCold  . . .     Gourm    .     (no shield)
rNeg   . . .     Faith    .     a - +0 hat
rPois  .         Spirit   .     f - +3 amulet of reflection
rElec  .         Dismiss  .     l - ring of protection from fire
rCorr  .         Reflect  +     m - +5 ring of dexterity
MR     .....     Harm     .     A - ring of see invisible
Stlth  ++++++....               (no ring)
                                (no ring)
                                (no ring)
                                (no ring)
                                (no ring)

@: lethally poisoned (-1 -> -4), finesse, constricted
A: almost no armour, stealthy swim, amphibious, 8 rings, constrict 8, camouflage
1, gelatinous body 1
a: Heroism, Finesse, Renounce Religion


You were on level 1 of the Snake Pit.
You worshipped Okawaru.
Okawaru was extremely pleased with you.
You were not hungry.

You visited 5 branches of the dungeon, and saw 17 of its levels.
You also visited: Ossuary.

You collected 1247 gold pieces.

Inventory:

Hand Weapons
 h - a +1 short sword
 t - a +7 dagger of flaming (weapon)
Missiles
 n - 2 throwing nets (quivered)
Armour
 a - a +0 hat (worn)
 i - a +0 shield
Jewellery
 f - a +3 amulet of reflection (around mantle)
 l - a ring of protection from fire (left tentacle)
 m - a +5 ring of dexterity (right tentacle)
 A - a ring of see invisible (on tentacle)
 L - an uncursed amulet of magic regeneration
 Q - an uncursed amulet of harm {unknown}
Wands
 o - a wand of confusion (27/48)
 u - a wand of digging (0/24)
 v - a wand of digging (0/24)
 y - a wand of paralysis (9/24)
 I - a wand of enslavement (0/24)
 M - a wand of flame (33/48)
Scrolls
 w - 2 scrolls of recharging
 x - 2 scrolls of amnesia
 B - 6 scrolls of remove curse
 C - a scroll of fear
 G - a scroll of fog
 J - 3 scrolls of blinking
Potions
 d - 4 potions of curing
 g - 2 potions of flight
 j - 2 potions of cancellation
 k - a potion of ambrosia
 q - a potion of agility
 r - a potion of might
 s - 7 potions of mutation
 E - a potion of resistance {unknown}
 F - a potion of berserk rage {unknown}
 H - a potion of magic
 K - a potion of invisibility {unknown}
Books
 b - a book of Minor Magic

   Spells                             Type                      Level
   a - Magic Dart                     Conjuration                  1
   b - Blink                          Translocation                2
   c - Call Imp                       Summoning                    2
   d - Repel Missiles                 Charms/Air                   2
   e - Slow                           Hexes                        2
   f - Conjure Flame                  Conjuration/Fire             3
   g - Mephitic Cloud                 Conjuration/Poison/Air       3
 e - a book of Flames

   Spells                             Type                      Level
   a - Flame Tongue                   Conjuration/Fire             1
   b - Throw Flame                    Conjuration/Fire             2
   c - Conjure Flame                  Conjuration/Fire             3
   d - Inner Flame                    Hexes/Fire                   3
   e - Sticky Flame                   Conjuration/Fire             4
   f - Fireball                       Conjuration/Fire             5
 O - a book of Enchantments

   Spells                             Type                      Level
   a - Cause Fear                     Hexes                        4
   b - Yara's Violent Unravelling     Hexes/Transmutation          5
   c - Silence                        Hexes/Air                    5
   d - Deflect Missiles               Charms/Air                   6
   e - Haste                          Charms                       6
   f - Discord                        Hexes                        8
 P - a book of the Tempests

   Spells                             Type                      Level
   a - Static Discharge               Conjuration/Air              3
   b - Lightning Bolt                 Conjuration/Air              5
   c - Fireball                       Conjuration/Fire             5
   d - Tornado                        Air                          9
   e - Shatter                        Earth                        9
Comestibles
 c - 13 bread rations
 p - a meat ration


   Skills:
 - Level 9.1 Fighting
 - Level 9.2 Short Blades
 - Level 8.0 Dodging
 - Level 8.6 Stealth
 - Level 3.0 Shields
 - Level 6.1 Spellcasting
 + Level 7.5 Conjurations
   Level 1.0 Summonings
 - Level 5.2 Translocations
 + Level 6.0 Fire Magic
 - Level 3.3 Air Magic
 - Level 3.9 Poison Magic
 - Level 6.8 Invocations


You had one spell level left.
You knew the following spells:

 Your Spells              Type           Power        Failure   Level  Hunger
a - Magic Dart            Conj           ####         1%          1    None
b - Blink                 Tloc           N/A          1%          2    None
c - Repel Missiles        Chrm/Air       ###...       8%          2    None
d - Mephitic Cloud        Conj/Pois/Air  ####....     3%          3    #......
e - Conjure Flame         Conj/Fire      #####...     1%          3    #......
f - Inner Flame           Hex/Fire       ###.....     10%         3    #......
g - Sticky Flame          Conj/Fire      #####...     6%          4    ###....
h - Fireball              Conj/Fire      #####.....   17%         5    #####..


Dungeon Overview and Level Annotations

Branches:
Dungeon (11/15)            Temple (1/1) D:4            Lair (2/6) D:9
  Snake (1/4) Lair:2          Orc (2/2) D:11
  Swamp: Lair:2-4    Shoals: Lair:2-4       Elf: Orc:2

Altars:
Ashenzari
Cheibriados
Dithmenos
Elyvilon
Fedhas
Gozag
Hepliaklqana
Kikubaaqudgha
Makhleb
Nemelex Xobeh
Okawaru
Qazlal
Ru
Sif Muna
Trog
Uskayaw
Vehumet
Xom
Yredelemnul
Zin
The Shining One

Shops:
D:7 [   Orc:2 (


Innate Abilities, Weirdness & Mutations

You cannot wear most types of armour.
You are very stealthy in the water.
You are amphibious.
You can wear up to eight rings at the same time.
You can use your tentacles to constrict eight enemies at once.
Your skin changes colour to match your surroundings (Stealth+).
Your rubbery body absorbs attacks. (AC +1, EV +1)


Message History

You feel like a meek peon again.
The naga sharpshooter mumbles some strange words.
The naga sharpshooter magically shoots an arrow.
The arrow hits you!!
* * * LOW HITPOINT WARNING * * *
Casting: Blink
Confirm with . or Enter, or press ? or * to list all spells.
Your attempt to break free from the naga warrior fails, but you feel that another attempt might succeed.
You block the naga warrior's attack.
* * * LOW HITPOINT WARNING * * *
The naga warrior constricts you.
It was a potion of magic.
Magic courses through your body.
You closely miss the naga warrior.
The naga warrior is moderately wounded.
The naga sharpshooter spits poison at you.
The splash of poison hits you!
You are poisoned.
* * * LOW HITPOINT WARNING * * *
The naga warrior completely misses you.
You die...

######
##.....##
##.......#
#.........
#.<...)...
#(@.......
#.N.......
#.........
#....N....
...>..N...
...........
.#%........
#.#.........


You could see a naga warrior, a naga sharpshooter and a naga.

Vanquished Creatures
  Josephine (D:10)
  A centaur warrior (D:10)
  A hill giant (D:9)
  A deep elf mage (D:8)
  A cyclops (Orc:1)
  3 ugly things (D:11)
  A manticore (D:11)
  A black mamba (Lair:2)
  2 spiny frogs (Lair:1)
  2 komodo dragons
  2 trolls (D:10)
  Grinder (D:4)
  A boulder beetle (D:10)
  9 yaks
  5 wraiths
  A basilisk (Lair:1)
  4 hippogriffs
  Menkaure (D:5)
  2 nagas (Lair:2)
  2 wargs
  2 water moccasins
  The ghost of 4thArraOfDagon the Firebug, an amateur DEFE (D:5)
  3 porcupines
  4 ice beasts
  7 orc warriors
  2 black bears
  4 wolves (Lair:1)
  A necrophage (D:8)
  2 sky beasts
  A phantom (D:7)
  2 centaurs (D:8)
  8 ogres
  2 elf zombies (Ossuary)
  4 crocodiles
  A gnoll sergeant (D:9)
  12 giant frogs
  3 scorpions
  14 killer bees
  8 wights
  4 howler monkeys
  5 centaur zombies (Ossuary)
  10 crimson imps
  5 human zombies (Ossuary)
  A giant frog zombie (D:8)
  9 orc priests
  4 centaur skeletons
  2 giant frog skeletons
  10 hounds
  2 jellies
  13 orc wizards
  8 iguanas
  9 worker ants
  A killer bee zombie (D:8)
  A hound zombie (D:6)
  3 mummies (Ossuary)
  6 gnolls
  12 adders
  A shadow imp (D:6)
  An ooze (D:1)
  3 adder skeletons
  An adder zombie (D:9)
  7 worms
  A dart slug (D:1)
  3 giant geckos
  50 orcs
  4 bats
  6 giant cockroaches
  6 hobgoblins
  2 jackals (D:8)
  11 kobolds
  3 quokkas
  A ball python (D:4)
  A giant gecko skeleton (D:9)
  10 giant newts
  6 goblins
  2 jackal zombies (D:5)
  A quokka skeleton (D:6)
  9 rats
  A rat zombie (D:8)
358 creatures vanquished.

Vanquished Creatures (others)
  A killer bee (D:11)
  11 fungi
  A plant (Lair:2)
13 creatures vanquished.

Grand Total: 371 creatures vanquished

Notes
Turn   | Place    | Note
-------+----------+-------------------------------------------
     0 | D:1      | Ijustatesigmund the Octopode Wizard began the quest for the Orb.
     0 | D:1      | Reached XP level 1. HP: 11/11 MP: 4/4
   249 | D:1      | Reached XP level 2. HP: 17/17 MP: 1/6
   320 | D:1      | Learned a level 2 spell: Blink
   323 | D:1      | Learned a level 2 spell: Repel Missiles
   747 | D:2      | Reached XP level 3. HP: 20/21 MP: 0/7
   923 | D:2      | Learned a level 3 spell: Mephitic Cloud
  1010 | D:2      | Reached XP level 4. HP: 17/27 MP: 0/8
  2112 | D:1      | Reached XP level 5. HP: 31/31 MP: 5/9
  2464 | D:1      | You fall through a shaft!
  2815 | D:3      | Reached skill level 1 in Poison Magic
  3252 | D:3      | Found a blossoming altar of Fedhas.
  3429 | D:4      | Reached skill level 1 in Air Magic
  3604 | D:4      | Reached XP level 6. HP: 31/36 MP: 0/10
  3673 | D:4      | Found a staircase to the Ecumenical Temple.
  3695 | Temple   | Entered the Ecumenical Temple
  4972 | D:4      | Noticed Grinder
  4991 | D:4      | Killed Grinder
  4991 | D:4      | Reached XP level 7. HP: 20/41 MP: 0/11
  5121 | D:5      | Entered Level 5 of the Dungeon
  5224 | D:5      | Noticed 4thArraOfDagon's ghost (amateur DEFE)
  5239 | D:5      | Killed 4thArraOfDagon's ghost
  5239 | D:5      | Reached skill level 1 in Fighting
  5239 | D:5      | Reached skill level 1 in Short Blades
  5827 | D:5      | Noticed Menkaure
  5833 | D:5      | Killed Menkaure
  5833 | D:5      | Reached skill level 5 in Conjurations
  5833 | D:5      | Reached XP level 8. HP: 27/50 MP: 5/12
  5939 | D:5      | Learned a level 3 spell: Conjure Flame
  7730 | D:7      | Found an iron altar of Okawaru.
  7730 | D:7      | Found a burning altar of Makhleb.
  7906 | D:7      | Reached XP level 9. HP: 59/59 MP: 1/13
  8089 | D:7      | Found a sparkling altar of Nemelex Xobeh.
  8089 | D:7      | Found a shadowy altar of Dithmenos.
  8091 | D:7      | Found a white marble altar of Elyvilon.
  8097 | D:7      | Became a worshipper of Warmaster Okawaru
  8169 | D:7      | Found a shattered altar of Ashenzari.
  8173 | D:7      | Saw a vision of the Swamp and the Snake Pit.
  8173 | D:7      | Noticed an alligator
  8173 | D:7      | Noticed a black mamba
  8173 | D:7      | Noticed a salamander
  8173 | D:7      | Noticed a black mamba
  8173 | D:7      | Noticed an alligator
  8173 | D:7      | Noticed a black mamba
  8173 | D:7      | Noticed a naga ritualist
  8174 | D:7      | Noticed an alligator
  8175 | D:7      | Noticed a shock serpent
  8175 | D:7      | Noticed an alligator
  8176 | D:7      | Noticed an anaconda
  8611 | D:6      | Reached skill level 5 in Short Blades
  8943 | D:6      | Reached skill level 5 in Fighting
  9202 | D:6      | Reached * piety under Okawaru
  9202 | D:6      | Reached skill level 5 in Translocations
  9424 | D:6      | Reached skill level 1 in Shields
  9563 | D:6      | Learned a level 3 spell: Inner Flame
 10027 | D:7      | Reached skill level 1 in Fire Magic
 10396 | D:8      | Found a glowing silver altar of Zin.
 10704 | D:8      | Noticed a deep elf mage
 10707 | D:8      | Killed a deep elf mage
 10707 | D:8      | Reached skill level 5 in Fire Magic
 10707 | D:8      | Reached XP level 10. HP: 58/66 MP: 14/14
 10737 | D:8      | Found a sand-covered staircase.
 10748 | Ossuary  | Entered an ossuary
 10817 | Ossuary  | Reached ** piety under Okawaru
 10817 | Ossuary  | Reached skill level 1 in Invocations
 11283 | D:8      | Found a deep blue altar of Sif Muna.
 11293 | D:8      | Found an ancient bone altar of Kikubaaqudgha.
 11304 | D:8      | Found a radiant altar of Vehumet.
 12045 | D:8      | Reached skill level 5 in Invocations
 12552 | D:7      | Found a snail-covered altar of Cheibriados.
 12593 | D:7      | Found Vevveic's Armour Boutique.
 12966 | D:9      | Found a staircase to the Lair.
 13110 | D:9      | Found a basalt altar of Yredelemnul.
 13207 | D:9      | Reached skill level 5 in Stealth
 13219 | D:9      | Reached *** piety under Okawaru
 13255 | D:9      | Noticed a hill giant
 13267 | D:9      | Killed a hill giant
 13511 | D:10     | Entered Level 10 of the Dungeon
 13646 | D:10     | Reached skill level 5 in Spellcasting
 13880 | D:10     | Noticed Josephine
 13900 | D:10     | Killed Josephine
 13900 | D:10     | Reached **** piety under Okawaru
 13900 | D:10     | Reached XP level 11. HP: 34/72 MP: 16/19
 14387 | Lair:1   | Entered Level 1 of the Lair of Beasts
 16880 | D:10     | Learned a level 4 spell: Sticky Flame
 17640 | D:10     | Reached skill level 5 in Dodging
 18133 | D:11     | Noticed a cyan ugly thing
 18149 | D:11     | Killed a cyan ugly thing
 18593 | D:10     | Noticed a centaur warrior
 18613 | D:10     | Killed a centaur warrior
 18613 | D:10     | Reached ***** piety under Okawaru
 19420 | D:10     | Reached XP level 12. HP: 37/81 MP: 6/21
 19715 | D:10     | Noticed a six-headed hydra
 20305 | D:11     | Found a staircase to the Orcish Mines.
 20317 | D:11     | Reached XP level 13. HP: 89/89 MP: 22/22
 21884 | Orc:1    | Entered Level 1 of the Orcish Mines
 22075 | Orc:2    | Entered Level 2 of the Orcish Mines
 22266 | Orc:2    | Found a shimmering altar of Xom.
 22278 | Orc:1    | Noticed an orc warlord
 22564 | Orc:2    | Found Sitoutta's Weapon Shop.
 22702 | Orc:1    | Received a gift from Okawaru
 23265 | Lair:2   | Learned a level 5 spell: Fireball
 23780 | Lair:2   | Found a staircase to the Snake Pit.
 24078 | Snake:1  | Entered Level 1 of the Snake Pit
 24090 | Snake:1  | Slain by a naga warrior

Vault maps used:
D:1:      dpeg_arrival_rhombi, serial_forest, infiniplex_forest_straight_2,
          infiniplex_forest_end_3, infiniplex_forest_clump_diagonal,
          infiniplex_forest_corner_1, infiniplex_forest_clump_long,
          infiniplex_forest_lined_2, serial_bayou_lagoon_a
D:3:      fedhas_altar_4, serial_forest, infiniplex_forest_corner_1,
          infiniplex_forest_clump_small, infiniplex_forest_end_3,
          infiniplex_forest_clump_medium, infiniplex_forest_clump_small,
          infiniplex_forest_lined_room_3
D:4:      serial_column_ruins, column_ruins_circle_medium,
          column_ruins_open_small, column_ruins_open_medium,
          column_ruins_columns_straight, column_ruins_open_tiny,
          column_ruins_open_tiny_water, uniq_grinder
D:5:      first_bread, uniq_menkaure
D:7:      nicolae_overflow_hidden_temple, cheibrodos_worm_habitat, serial_shops,
          nicolae_shop_behind_doors, grunt_ogre_cave, grunt_ashenzari_visionary
D:8:      palyth_temple_overflow_mages, zin_statuary, serial_glass,
          glass_columns_b, glass_columns_a, enter_ossuary_3,
          nicolae_two_hexagons, guppyfry_early_elven_hall
D:9:      yredelemnul_altar_generic, lair_0_dummy
D:10:     boulder_corridor_run, uniq_josephine
D:11:     orc_0_dummy, minmay_misc_feat_encased
Temple:   compressed_dpeg_triangle_lava_temple
Lair:1:   st_stairs_6, lemuel_fruit_tree
Lair:2:   minmay_snake_entry_guardpost_small, infiniplex_staircase_pool
Snake:1:  serial_shops, shop
Orc:1:    enter_bailey_2
Orc:2:    st_orc_elflike, serial_shops, nicolae_shop_waterfront, basic_altar
Ossuary:  ossuary_minmay_four_chambers

Skill      XL: |  1  2  3  4  5  6  7  8  9 10 11 12 13 |
---------------+----------------------------------------+-----
Stealth        | 3 4 7 8 |  8.6
Conjurations   | 2 3 4 5 7 |  7.5
Dodging        | 3 6 7 8 |  8.0
Poison Magic   | 2 3 |  3.9
Air Magic      | 1 3 |  3.3
Fighting       | 2 4 5 7 8 9 |  9.1
Short Blades   | 2 4 5 7 8 9 |  9.2
Translocations | 4 5 |  5.2
Shields        | 3 |  3.0
Fire Magic     | 5 6 |  6.0
Invocations    | 5 6 |  6.8
Spellcasting   | 5 6 |  6.1
Summonings     | |  1.0

Action                   |  1- 3 |  4- 6 |  7- 9 | 10-12 | 13-15 || total
-------------------------+-------+-------+-------+-------+-------++-------
Melee: Unarmed           |     4 |       |       |       |       ||     4
       Tentacles         |     4 |    13 |    27 |    74 |    44 ||   162
       Dagger            |     8 |     7 |   117 |   426 |   260 ||   818
       Constrict         |     6 |    18 |    27 |    52 |    20 ||   123
       Short sword       |    14 |    59 |       |       |       ||    73
       Punch             |       |       |       |       |     5 ||     5
Throw: Throwing net      |       |       |       |     3 |     2 ||     5
 Cast: Magic Dart        |    52 |   150 |   309 |   297 |    52 ||   860
       Repel Missiles    |     1 |     1 |     2 |     3 |     1 ||     8
       Blink             |       |     1 |     3 |    15 |     6 ||    25
       Mephitic Cloud    |       |       |     3 |     9 |    11 ||    23
       Conjure Flame     |       |       |       |    14 |       ||    14
       Sticky Flame      |       |       |       |     4 |    14 ||    18
Invok: Heroism           |       |       |       |     9 |     9 ||    18
       Finesse           |       |       |       |       |     2 ||     2
Evoke: Wand              |       |       |     1 |     1 |     8 ||    10
  Use: Scroll            |     2 |    12 |     2 |    14 |     2 ||    32
       Potion            |       |     3 |     2 |     7 |     2 ||    14
 Stab: Sleeping          |     1 |     7 |     6 |    25 |    15 ||    54
       Distracted        |       |       |       |     2 |     1 ||     3
       Confused          |       |       |       |     1 |     2 ||     3
       Paralysed         |       |       |       |     1 |       ||     1
  Eat: Chunk             |       |    10 |     8 |    10 |     1 ||    29
       Fruit             |       |     1 |     5 |     8 |     5 ||    19
       Beef jerky        |       |       |     2 |     6 |     2 ||    10
       Bread ration      |       |       |     1 |     1 |     1 ||     3
       Pizza             |       |       |       |       |     1 ||     1
Armor: Skin              |     3 |     3 |     4 |     3 |     4 ||    17
Dodge: Dodged            |    22 |    65 |   113 |   243 |   138 ||   581
       Deflected         |       |     2 |     3 |     3 |     8 ||    16
Block: Other             |       |       |     4 |    29 |    16 ||    49
       Reflection        |       |       |       |     2 |     3 ||     5
